 Dungeon Crawl Stone Soup version 0.28.0-53-g5a82cb258f (webtiles) character file.

Game seed: 16231600225010920535

1384 mcbry74 the Spear-Bearer (level 8, -7/56 HPs)
             Began as a Merfolk Gladiator on June 26, 2022.
             Was an Initiate of Trog.
             Mangled by an orc warrior
             ... wielding a +0 war axe
              (11 damage)
             ... on level 6 of the Dungeon.
             The game lasted 00:26:35 (7196 turns).

mcbry74 the Spear-Bearer (Merfolk Gladiator)        Turns: 7196, Time: 00:26:35

Health: -7/56      AC:  6    Str: 14    XL:     8   Next: 67%
Magic:  8/8        EV: 17    Int: 10    God:    Trog [......]
Gold:   313        SH:  0    Dex: 21    Spells: 7/7 levels left

rFire   . . .      SeeInvis .   a - +0 trident
rCold   . . .      Faith    .   (no shield)
rNeg    . . .      Spirit   .   b - +0 leather armour
rPois   .          Reflect  .   c - +0 helmet
rElec   .          Harm     .   n - +0 cloak
rCorr   .          Rampage  .   (no gloves)
Will    +....                   o - +0 pair of boots
Stlth   ++........              (no amulet)
HPRegen 0.18/turn               h - +6 ring of dexterity
MPRegen 0.11/turn               r - ring of willpower

@: no status effects
A: (nimble swimmer 2), mertail
a: Renounce Religion


You were on level 6 of the Dungeon.
You worshipped Trog.
Trog was noncommittal.
You visited 2 branches of the dungeon, and saw 7 of its levels.

You collected 313 gold pieces.

Inventory:

Hand Weapons
 a - a +0 trident (weapon)
Missiles
 d - 3 throwing nets
 m - 176 stones (quivered)
Armour
 b - a +0 leather armour (worn)
 c - a +0 helmet (worn)
 n - a +0 cloak (worn)
 o - a +0 pair of boots (worn)
 s - a +0 cloak
Jewellery
 h - a +6 ring of dexterity (left hand)
 r - a ring of willpower (right hand)
Scrolls
 e - 2 scrolls of immolation
 i - a scroll of magic mapping {unknown}
 j - a scroll of summoning {unknown}
 k - a scroll of fog
 p - a scroll of blinking {unknown}
 t - 3 scrolls of amnesia {unknown}
 u - a scroll of enchant weapon {unknown}
 v - a scroll of teleportation {unknown}
Potions
 f - a potion of berserk rage {unknown}
 g - 3 potions of mutation
 l - a potion of curing
 q - a potion of brilliance {unknown}
 w - a potion of lignification


   Skills:
 - Level 2.1 Fighting
 * Level 11.1 Polearms
 + Level 5.3 Throwing
 + Level 7.7 Dodging
 - Level 2.0 Stealth


You had 7 spell levels left.
You didn't know any spells.
Your spell library was empty.

Dungeon Overview and Level Annotations

Branches:
Dungeon (6/15)             Temple (1/1) D:6

Altars:
Ashenzari
Cheibriados
Dithmenos
Elyvilon
Gozag
Hepliaklqana
Kikubaaqudgha
Makhleb
Nemelex Xobeh
Qazlal
Sif Muna
Trog
Uskayaw
Wu Jian
Xom
Yredelemnul
Zin
The Shining One

Annotations:
D:2 1 runed translucent door, Crazy Yiuf


Innate Abilities, Weirdness & Mutations

((You are very nimble when in or above water. (Stealth+, EV+, Speed+++)))
Your lower body shifts to a powerful aquatic tail in water.


Message History

You hit the orc warrior.
The orc warrior is heavily wounded.
The orc completely misses you.
The orc warrior hits you but does no damage.
There is an open door, spattered with blood here.
The orc warrior hits you with a +0 war axe.
You hit the orc warrior but do no damage.
The orc warrior is heavily wounded.
The orc hits you with a +0 flail.
You barely miss the orc warrior.
The orc warrior is heavily wounded.
The orc warrior completely misses you. The orc barely misses you.
You closely miss the orc warrior.
The orc warrior is heavily wounded.
The orc warrior misses you.
You barely miss the orc warrior.
The orc warrior is heavily wounded.
The orc misses you. The orc warrior closely misses you.
You hit the orc warrior but do no damage.
The orc warrior is heavily wounded.
The orc misses you.
The orc throws a stone.
The stone misses you.
The orc warrior hits you with a +0 war axe!
The orc throws a stone.
The stone misses you.
Found a helmet.
The orc warrior throws a boomerang.
The boomerang misses you.
There is an open door here.
You reach to attack!
You closely miss the orc warrior.
The orc warrior is heavily wounded.
You hit the orc warrior but do no damage.
The orc warrior is heavily wounded.
The orc warrior hits you with a +0 war axe!
You hit the orc warrior but do no damage.
The orc warrior is heavily wounded.
The orc closely misses you. The orc completely misses you.
The orc warrior hits you with a +0 war axe!
* * * LOW HITPOINT WARNING * * *
There is an open door, spattered with blood here.
The orc throws a stone.
The stone closely misses you.
The orc warrior hits you with a +0 war axe!
You die...

....#..###'#.#####.#'#...#'
#'#....##.....#.....#...#.
#.#.##'##.....'.....##'##.
...#...#.....#.....#...#.
###'#...#'#.#####.#'#...#'
### #.......#.'...'.#...†...
.....###...#####...#####...##
.......'..ooo#.......#.'...'.
.....#.#####@#'#...#'#.#####.
... #. #.....#...#.....# . #
## +.....##'##.....'...
#.....#.. #.....#...
###[#'#.. #'#.### #. '.#....
..#.' #####...#####. ... ..
## .


You could see an orc warrior and 2 orcs.

Vanquished Creatures
  Edmund (D:4)
  2 black bears
  An orc warrior (D:4)
  A phantom (D:6)
  2 bullfrogs (D:6)
  A wyvern skeleton (D:6)
  A water moccasin skeleton (D:4)
  3 hounds
  A jelly (D:5)
  5 orc priests
  A gnoll shaman (D:5)
  A bullfrog skeleton (D:6)
  3 orc wizards
  3 iguanas (D:5)
  A scorpion zombie (D:5)
  3 adders
  7 gnolls
  A white imp (D:6)
  An ufetubus (D:5)
  2 dart slugs (D:1)
  22 orcs
  5 ball pythons
  3 bats (D:3)
  6 endoplasms
  A giant cockroach (D:3)
  7 goblins
  A hobgoblin (D:3)
  4 jackals (D:5)
  A frilled lizard (D:1)
  2 kobolds
  2 rats (D:3)
95 creatures vanquished.

Notes
Turn   | Place    | Note
-------+----------+-------------------------------------------
     0 | D:1      | mcbry74 the Merfolk Gladiator began the quest for the Orb.
     0 | D:1      | Reached XP level 1. HP: 16/16 MP: 1/1
   285 | D:1      | Reached XP level 2. HP: 22/22 MP: 2/2
   370 | D:1      | Found a faded altar of an unknown god.
   499 | D:1      | Reached skill level 5 in Polearms
  1229 | D:2      | Found a runed translucent door.
  1230 | D:2      | Noticed Crazy Yiuf
  1568 | D:3      | Reached XP level 3. HP: 27/27 MP: 3/3
  1669 | D:3      | Reached skill level 1 in Stealth
  1806 | D:3      | Found a stormy altar of Qazlal.
  2145 | D:4      | Found an ornate altar of the Wu Jian Council.
  2145 | D:4      | Found a shadowy altar of Dithmenos.
  2268 | D:3      | Reached XP level 4. HP: 16/33 MP: 4/4
  2446 | D:4      | Reached skill level 6 in Polearms
  2620 | D:4      | Reached skill level 5 in Dodging
  2620 | D:4      | Reached XP level 5. HP: 28/38 MP: 5/5
  2739 | D:4      | Noticed Edmund
  2776 | D:4      | Killed Edmund
  2777 | D:4      | Reached skill level 7 in Polearms
  2777 | D:4      | Reached XP level 6. HP: 37/44 MP: 6/6
  3077 | D:4      | Found an ancient bone altar of Kikubaaqudgha.
  3539 | D:4      | Noticed an orc warrior
  3591 | D:4      | Killed an orc warrior
  3592 | D:4      | Reached skill level 8 in Polearms
  3880 | D:5      | Entered Level 5 of the Dungeon
  3953 | D:5      | Reached XP level 7. HP: 50/50 MP: 7/7
  4858 | D:5      | Reached skill level 9 in Polearms
  5498 | D:5      | Reached XP level 8. HP: 56/56 MP: 8/8
  5944 | D:6      | Found a hazy altar of Hepliaklqana.
  5955 | D:6      | Reached skill level 10 in Polearms
  6279 | D:6      | Reached skill level 5 in Throwing
  6536 | D:6      | Found a staircase to the Ecumenical Temple.
  6545 | Temple   | Entered the Ecumenical Temple
  6767 | Temple   | Became a worshipper of Trog the Wrathful
  6807 | D:6      | Found a basalt altar of Yredelemnul.
  6819 | D:6      | Noticed a troll
  6968 | D:6      | Reached skill level 11 in Polearms
  7196 | D:6      | Mangled by an orc warrior

Illustrated notes

Levels and vault maps discovered:
D:1:      sevenhm_arrival_forest_fort_large_2, layout_rooms,
          hellmonk_ecumenical_altar_crossroads, moated_statue
D:2:      layout_loops_ring, serial_bayou_crossing, uniq_crazy_yiuf_cottage
D:3:      layout_rooms, nicolae_qazlal_scattered_showers
D:4:      cheibrodos_quashed, layout_gridville, kennysheep_mini_moat,
          mainiacjoe_overflow_divided_tiny, uniq_edmund
D:5:      layout_cave_pods, minmay_misc_feat_plants
D:6:      nicolae_cairo_tiling_large, layout_basic,
          mainiacjoe_overflow_concentric_impassable,
          mainiacjoe_overflow_cross_hatched, minmay_temple_entry_proselytizer
Temple:   chequers_temple_sunken

Skill      XL: |  1  2  3  4  5  6  7  8 |
---------------+-------------------------+-----
Polearms       | 5 6 7 8 9 11 | 11.1
Stealth        | 1 2 |  2.0
Dodging        | 5 6 7 |  7.7
Throwing       | 3 4 5 |  5.3
Fighting       | |  2.1

Action                   |  1- 3 |  4- 6 |  7- 9 || total
-------------------------+-------+-------+-------++-------
Melee: Trident           |   101 |   110 |   253 ||   464
       Punch             |       |     2 |     4 ||     6
Throw: Stone             |    19 |     1 |    26 ||    46
       Boomerang         |       |       |    14 ||    14
       Throwing net      |       |       |     1 ||     1
  Use: Scroll            |       |     3 |     3 ||     6
       Potion            |       |     2 |     3 ||     5
 Stab: Sleeping          |     2 |     2 |     3 ||     7
       Distracted        |     1 |       |       ||     1
Armor: Leather armour    |    16 |    19 |    38 ||    73
       Skin              |       |    18 |    14 ||    32
Dodge: Dodged            |    42 |    41 |   131 ||   214
